 Dungeon Crawl Stone Soup version 0.27-a0-1219-g958d993ae5 (webtiles) character file.

Game seed: 12220733304528932826

75 polve the Cutter (level 4, -2/30 HPs)
             Began as a Kobold Berserker on June 6, 2021.
             Was a Believer of Trog.
             Slain by Grinder (4 damage)
             ... on level 3 of the Dungeon.
             The game lasted 00:01:56 (2794 turns).

polve the Cutter (Kobold Berserker)                 Turns: 2794, Time: 00:01:57

Health: -2/30      AC:  2    Str: 15    XL:     4   Next: 55%
Magic:  4/4        EV: 18    Int:  8    God:    Trog [**....]
Gold:   33         SH:  0    Dex: 14    Spells: 3/3 levels left

rFire    . . .     SeeInvis .   b - +2 dagger (venom)
rCold    . . .     Faith    .   (shield restricted)
rNeg     . . .     Spirit   .   g - +0 robe
rPois    .         Reflect  .   (no helmet)
rElec    .         Harm     .   (no cloak)
rCorr    .         Rampage  .   (no gloves)
Will     .....                  (no boots)
Stlth    ++........             (no amulet)
HPRegen  0.10/turn              c - +4 ring of evasion
MPRegen  0.09/turn              (no ring)

@: on berserk cooldown, slowed, very slow
A: small, no large weapons, nightstalker 3
a: Renounce Religion, Berserk, Trog's Hand


You were on level 3 of the Dungeon.
You worshipped Trog.
Trog was pleased with you.
You visited 1 branch of the dungeon, and saw 3 of its levels.

You collected 33 gold pieces.

Inventory:

Hand Weapons
 a - a +0 short sword
 b - a +2 dagger of venom (weapon)
Armour
 g - a +0 robe (worn)
Jewellery
 c - a +4 ring of evasion (left hand)
Scrolls
 e - 2 scrolls of teleportation {unknown}
 f - a scroll of magic mapping {unknown}
 i - a scroll of identify {unknown}
Potions
 h - a potion of ambrosia {unknown}


   Skills:
 * Level 4.9 Fighting
 + Level 5.0 Short Blades
 - Level 1.5 Armour
 - Level 2.4 Dodging


You had 3 spell levels left.
You didn't know any spells.
Your spell library was empty.

Dungeon Overview and Level Annotations

Branches:
Dungeon (3/15)

Altars:

Annotations:
D:3 Grinder


Innate Abilities, Weirdness & Mutations

You are small and have problems with some larger weapons.
You are completely attuned to the shadows.


Message History

You feel a strong urge to attack something.
A goblin comes into view. It is wielding a +0 club.
You are no longer berserk.
You are exhausted.
You feel yourself slow down. The giant cockroach barely misses you.
Grinder barely misses you.
You hit Grinder but do no damage.
Grinder is poisoned.
The giant cockroach bites you. Grinder barely misses you.
The giant cockroach completely misses you.
The goblin closely misses you.
The giant cockroach completely misses you.
The giant cockroach closely misses you.
You hit the giant cockroach.
The giant cockroach is poisoned.
The giant cockroach is almost dead.
You kill the giant cockroach!
Trog accepts your kill.
Grinder says, "There's only one good use for a tongue: cutting it out."
Grinder hits you.
You hit Grinder.
Grinder is lightly wounded.
Grinder hits you.
You writhe in agony.
* * * LOW HITPOINT WARNING * * *
You hit Grinder.
Grinder looks even sicker.
Grinder is moderately wounded.
Grinder completely misses you.
You hit Grinder.
Grinder looks as sick as possible!
Grinder is moderately wounded.
Grinder hits you but does no damage.
You closely miss Grinder.
Grinder is moderately wounded.
Grinder says, "My boss said I was rubbish.
His entrails said otherwise."
Grinder gestures at you.
You barely resist. Grinder gestures at you. Pain shoots through your body!
* * * LOW HITPOINT WARNING * * *
It was a potion of berserk rage.
You're still recovering from your berserk rage.
Grinder hits you.
You die...

#.#.# #.#.# .........
#.#.# #.......# #)#<#
#.......# #.# ##)#.#
#.......# #.# #.)..#
#.##.## #.###.†###
#.#...###### #.#.#...#
#....(g5@..# ##..#....#
###)..####.###.#..#...#
##.## #.##.##.)..###
#.# ###.#...#..###
#...............#
#######.#...##..#
#......#..# ######.#..#
.#


You could see Grinder (very poisoned) and a goblin.

Vanquished Creatures
  2 adders
  A worm (D:2)
  4 orcs (D:3)
  3 endoplasms
  2 giant cockroaches
  6 goblins
  5 hobgoblins
  3 kobolds
  5 ball pythons
  2 bats
  11 frilled lizards
  5 rats (D:1)
49 creatures vanquished.

Notes
Turn   | Place    | Note
-------+----------+-------------------------------------------
     0 | D:1      | polve the Kobold Berserker began the quest for the Orb.
     0 | D:1      | Reached XP level 1. HP: 14/14 MP: 1/1
   364 | D:1      | Reached XP level 2. HP: 14/19 MP: 2/2
   795 | D:1      | Reached XP level 3. HP: 20/24 MP: 3/3
  1606 | D:2      | Reached ** piety under Trog
  2249 | D:2      | Reached XP level 4. HP: 30/30 MP: 4/4
  2763 | D:3      | Noticed Grinder
  2776 | D:3      | Reached skill level 5 in Short Blades
  2793 | D:3      | HP: 1/30 [Grinder/nerve-wracking pain (8)]
  2794 | D:3      | Slain by Grinder

Illustrated notes

Levels and vault maps discovered:
D:1:      zelgadis_glass_arrival_small, layout_basic
D:2:      layout_basic, chequers_serial_rivers_micro_d, minmay_lizard_pond
D:3:      layout_loops_ring, uniq_grinder, uniq_jessica, uniq_sigmund

Skill      XL: |  1  2  3  4 |
---------------+-------------+-----
Fighting       | 4 |  4.9
Short Blades   | 5 |  5.0
Armour         | |  1.5
Dodging        | |  2.4

Action                   |  1- 3 |  4- 6 || total
-------------------------+-------+-------++-------
Melee: Short sword       |    61 |       ||    61
       Dagger            |    31 |    32 ||    63
Invok: Berserk           |     1 |     2 ||     3
  Use: Potion            |       |     1 ||     1
 Stab: Sleeping          |    11 |     2 ||    13
Armor: Animal skin       |     8 |       ||     8
       Robe              |       |     2 ||     2
Dodge: Dodged            |    62 |    28 ||    90

Table legend: (Time is in decaauts)
 A = Elapsed time spent in this place.
 B = Non-inter-level travel time spent in this place.
 C = Inter-level travel time spent in this place.
 D = Time resting spent in this place.
 E = Time spent auto-exploring this place.
 F = Levels seen in this place.
 G = Mean time per level.
                   A        B        C        D        E       F      G
               +--------+--------+--------+--------+--------+-----+--------+
         Total |   2792 |   2600 |    192 |      0 |   2317 |   3 |  930.7 |
       Dungeon |   2792 |   2600 |    192 |      0 |   2317 |   3 |  930.7 |
               +--------+--------+--------+--------+--------+-----+--------+

Top non-repeatable levels by time:
     D:1: 1534 daAuts
     D:2: 1027 daAuts
     D:3: 231 daAuts
